 Dungeon Crawl Stone Soup version 0.26.1-2-gb8aa6d0cf2 (webtiles) character file.

Game seed: 8681820557124421000

4 funkygono the Stinger (level 1, 0/11 HPs)
             Began as an Octopode Venom Mage on Mar 14, 2021.
             Slain by a leopard gecko (4 damage)
             ... on level 1 of the Dungeon.
             The game lasted 00:00:58 (257 turns).

funkygono the Stinger (Octopode Venom Mage)          Turns: 257, Time: 00:00:58

Health: 0/11       AC:  1    Str:  7    XL:     1   Next: 60%
Magic:  0/3        EV: 13    Int: 17    God:
Gold:   8          SH:  0    Dex: 12    Spells: 3/4 levels left

rFire    . . .     SeeInvis .   (no weapon)
rCold    . . .     Faith    .   (no shield)
rNeg     . . .     Spirit   .   (helmet restricted)
rPois    .         Reflect  .   (no amulet)
rElec    .         Harm     .   (no ring)
rCorr    .         Rampage  .   (no ring)
Will     .....                  (no ring)
Stlth    +++.......             (no ring)
HPRegen  0.03/turn              (no ring)
MPRegen  0.08/turn              (no ring)
                                (no ring)
                                (no ring)

@: no status effects
A: almost no armour, stealthy swim, amphibious, 8 rings, constrict 8, camouflage
1, gelatinous body 1
a: no special abilities


You were on level 1 of the Dungeon.
You visited 1 branch of the dungeon, and saw 1 of its levels.

You collected 8 gold pieces.

Inventory:

Scrolls
 a - a scroll of teleportation {unknown}
 c - a scroll of remove curse {unknown}
Potions
 b - 3 potions of flight {unknown}


   Skills:
 + Level 2.0 Dodging
 + Level 2.6 Stealth
 * Level 2.2 Spellcasting
 * Level 1.0 Transmutations
 * Level 3.7 Poison Magic


You had 3 spell levels left.
You knew the following spells:

 Your Spells              Type           Power        Failure   Level
a - Sting                 Tmut/Pois      36%          7%          1

Your spell library contained the following spells:

 Spells                   Type           Power        Failure   Level
 Poisonous Vapours        Pois/Air       16%          13%         2
 Ignite Poison            Fire/Tmut/Pois 7%           30%         3
 Mephitic Cloud           Conj/Pois/Air  6%           34%         3
 Olgreb's Toxic Radiance  Pois           14%          38%         4


Dungeon Overview and Level Annotations

Branches:
Dungeon (1/15)

Altars:


Innate Abilities, Weirdness & Mutations

You cannot wear most types of armour.
You are very stealthy in the water. (Stealth+)
You are amphibious.
You can wear up to eight rings at the same time.
You can use your tentacles to constrict eight enemies at once.
Your skin changes colour to match your surroundings (Stealth+).
Your rubbery body absorbs attacks. (AC +1, EV +1)


Message History

The leopard gecko bites you.
The leopard gecko bites you but does no damage.
You open the door.
The leopard gecko completely misses you.
There is an open door here.
Casting: Sting (safe; 7% risk of failure)
Confirm with . or Enter, or press ? or * to list all spells.
You don't have enough magic to cast that spell.
Unknown command.
The leopard gecko misses you.
Casting: Sting (safe; 7% risk of failure)
Confirm with . or Enter, or press ? or * to list all spells.
Aiming: Sting (safe; 7% risk of failure)
Press: ? - help, Shift-Dir - straight line, f/p - leopard gecko
Aim: a leopard gecko (severely wounded, 48% to evade)
The sting hits the leopard gecko.
The leopard gecko is poisoned.
The leopard gecko is almost dead.
The leopard gecko barely misses you. The leopard gecko bites you.
You die...

...........+.........#
#..........#######.#.#
#########'##########.#.#
#.................##.#.#
#.#......#.#......#.#.#.#
#..#......#......#..#...#
#...#....#.#....#...##..#
#....#..#...#.l#....##..#
#.....##.....##@....##..#
#.....#...#...#.....##..#
.#..#.#.#.#.....#(.....).#
.....#...#.<...#.#...#...#
#....#...#...#...#..###(#####
#.....#...#.#.#.....##......#
#....#.#...#...#....##......#
#...#...#...#...#...##......#
#..#.....#...#...#..##.>....#


You could see a leopard gecko (poisoned).

Vanquished Creatures
  2 hobgoblins (D:1)
  A bat (D:1)
  A kobold (D:1)
4 creatures vanquished.

Notes
Turn   | Place    | Note
-------+----------+-------------------------------------------
     0 | D:1      | funkygono the Octopode Venom Mage began the quest for the
                  | Orb.
     0 | D:1      | Reached XP level 1. HP: 11/11 MP: 3/3
   257 | D:1      | Slain by a leopard gecko

Illustrated notes

Levels and vault maps discovered:
D:1:      matt_arrival_diagonals, layout_basic, minmay_misc_feat_alley

Action                   || total
-------------------------++-------
Melee: Unarmed           ||     1
 Cast: Sting             ||    11
Armor: Skin              ||     3
Dodge: Dodged            ||    12
